 Dungeon Crawl Stone Soup version 0.28.0 (webtiles) character file.

Game seed: 17382012594027036627

24 psuckher the Sneak (level 3, -5/23 HPs)
             Began as a Gargoyle Delver on Feb 15, 2022.
             Slain by Crazy Yiuf (11 damage)
             ... on level 3 of the Dungeon.
             The game lasted 00:02:23 (351 turns).

psuckher the Sneak (Gargoyle Delver)                 Turns: 351, Time: 00:02:24

Health: -5/23      AC:  8    Str: 17    XL:     3   Next: 2%
Magic:  3/3        EV: 11    Int: 10    God:
Gold:   14         SH:  0    Dex: 11    Spells: 2/2 levels left

rFire   . . .      SeeInvis .   a - +0 hand axe
rCold   . . .      Faith    .   (no shield)
rNeg    + . .      Spirit   .   b - +0 leather armour
rPois   ∞          Reflect  .   h - +1 helmet
rElec   +          Harm     .   (no cloak)
rCorr   .          Rampage  .   (no gloves)
Will    .....                   (no boots)
Stlth   +++.......              (no amulet)
HPRegen 0.07/turn               (no ring)
MPRegen 0.08/turn               (no ring)

@: no status effects
A: sickness immunity, AC +3, negative energy resistance 1, electricity
resistance, torment resistance 1, petrification resistance
a: no special abilities


You were on level 3 of the Dungeon.
You visited 1 branch of the dungeon, and saw 3 of its levels.

You collected 14 gold pieces.

Inventory:

Hand Weapons
 a - a +0 hand axe (weapon)
Armour
 b - a +0 leather armour (worn)
 h - a +1 helmet (worn)
Wands
 g - a wand of digging (3)
Scrolls
 c - a scroll of fog
 d - a scroll of magic mapping
 e - a scroll of fear
Potions
 f - a potion of haste
 i - a potion of degeneration {unknown}
 j - a potion of magic {unknown}


   Skills:
 + Level 3.5 Fighting
 + Level 2.1 Axes
 + Level 0.1 Armour
 + Level 1.6 Dodging
 + Level 5.9 Stealth


You had 2 spell levels left.
You didn't know any spells.
Your spell library contained the following spells:

 Spells                   Type           Power      Damage    Failure   Level
 Slow                     Hex            0%         N/A       41%         1
 Confusing Touch          Hex            0%         N/A       80%         3
 Gell's Gravitas          Tloc           0%         N/A       80%         3
 Teleport Other           Tloc           0%         N/A       80%         3
 Vampiric Draining        Necr           0%         2d6       80%         3
 Dispersal                Tloc           0%         N/A       100%        6


Dungeon Overview and Level Annotations

Branches:
Dungeon (5/15)
 Temple: D:4-7

Altars:

Annotations:
D:3 Crazy Yiuf


Innate Abilities, Weirdness & Mutations

You are immune to sickness and miasma.
Your stone body is resilient. (AC +3)
You are immune to poison.
You resist negative energy. (rN+)
You are resistant to electric shocks. (rElec)
You are resistant to unholy torment.
You are immune to petrification.


Message History

You add the spells Slow, Vampiric Draining and Confusing Touch to your library.
You see here a +0 falchion.
A ball python comes into view.
A rat comes into view.
You closely miss the ball python. The ball python misses you.
The ball python barely misses you.
You hit the ball python.
You kill the ball python!
You have reached level 3!
Your experience leads to an increase in your attributes!
Increase (S)trength, (I)ntelligence, or (D)exterity?
You feel stronger. x2
You see here a ball python corpse.
You completely miss the rat. The rat barely misses you.
You barely miss the rat. The rat closely misses you.
You barely miss the rat. The rat barely misses you. x2
You slash the rat!
You kill the rat!
You see here a rat corpse.
Found a mace.
Found a runed translucent door.
You open the door.
There is an open translucent door here.
Crazy Yiuf shouts!
Crazy Yiuf hits you with a +2 quarterstaff of chaos.
Crazy Yiuf burns you.
You hit Crazy Yiuf.
Crazy Yiuf is lightly wounded.
Crazy Yiuf hits you with a +2 quarterstaff of chaos.
Crazy Yiuf burns you.
You hit Crazy Yiuf but do no damage.
Crazy Yiuf is lightly wounded.
Crazy Yiuf closely misses you.
You barely miss Crazy Yiuf.
Crazy Yiuf is lightly wounded.
Crazy Yiuf hits you with a +2 quarterstaff of chaos!
* * * LOW HITPOINT WARNING * * *
You hit Crazy Yiuf.
Crazy Yiuf is moderately wounded.
Crazy Yiuf hits you with a +2 quarterstaff of chaos!
You die...

#.........#
#.........#
#.........#
#..†.###### #..†.#
#....##♣♣♣♣♣
###.##...♣.♣♣♣#####
#.......♣..♣#...#
#....PP♣♣♣♣.'.@g#
##.#.P♣♣ ♣♣#..)#
####♣♣ #####


You could see Crazy Yiuf.

Vanquished Creatures
  A hound skeleton (D:4)
  A dart slug (D:3)
  A ball python (D:3)
  2 bats (D:3)
  2 hobgoblins
  2 rats (D:3)
9 creatures vanquished.

Notes
Turn   | Place    | Note
-------+----------+-------------------------------------------
     0 | D:5      | psuckher the Gargoyle Delver began the quest for the Orb.
     0 | D:5      | Reached XP level 1. HP: 14/14 MP: 1/1
   132 | D:4      | Reached XP level 2. HP: 15/19 MP: 2/2
   323 | D:3      | Reached XP level 3. HP: 23/23 MP: 3/3
   340 | D:3      | Found a runed translucent door.
   341 | D:3      | Noticed Crazy Yiuf
   351 | D:3      | Slain by Crazy Yiuf

Illustrated notes

Levels and vault maps discovered:
D:3:      layout_basic, uniq_crazy_yiuf_cottage
D:4:      layout_layer_cave
D:5:      layout_loops_ring, nicolae_ossuary_entry_monument,
          gup_sewer_entry_glass

Skill      XL: |  1  2 |
---------------+-------+-----
Axes           | 2 |  2.1
Fighting       | |  3.5
Armour         | |  0.1
Dodging        | |  1.6
Stealth        | |  5.9

Action                   || total
-------------------------++-------
Melee: Hand axe          ||    37
Armor: Leather armour    ||    15
Dodge: Dodged            ||    34
